 Dungeon Crawl Stone Soup version 0.31-a0-214-gb37851dbb3 (webtiles) character file.

Game seed: 5856795467164960538

2515 qw the Skirmisher (level 9, -2/57 HPs)
             Began as a Gargoyle Hexslinger on July 1, 2023.
             Slain by a yak (9 damage)
             ... on level 8 of the Dungeon.
             The game lasted 00:02:41 (5470 turns).

qw the Skirmisher (Gargoyle Hexslinger)             Turns: 5470, Time: 00:02:42

Health: -2/57      AC: 20    Str: 12    XL:     9   Next: 54%
Magic:  10/10      EV: 11    Int: 14    God:
Gold:   115        SH:  0    Dex: 16    Spells: 9/10 levels left

rFire   . . .        Y - +0 shortbow
rCold   + . .        (shield currently unavailable)
rNeg    + . .        j - +4 ring mail of the Delicate Monkey {-Cast rElec Regen+ Stlth+}
rPois   inf          a - +0 helmet
rElec   +            (no cloak)
rCorr   .            (no gloves)
SInv    +            f - +2 pair of boots
Will    .....        e - amulet "Xonedotifo" {RegenMP rC+ Dex-2 SInv}
Stlth   +++          (no ring)
HPRegen 1.09/turn    (no ring)
MPRegen 0.52/turn

%: no spellcasting
@: no status effects
A: sickness immunity, AC +6, negative energy resistance 1, electricity
resistance, torment resistance 1, petrification resistance, thin skeletal
structure 1
a: no special abilities


You were on level 8 of the Dungeon.
You visited 2 branches of the dungeon, and saw 9 of its levels.
You also visited: Sewer.

You collected 240 gold pieces.
You spent 125 gold pieces at shops.


Innate Abilities, Weirdness & Mutations

You are immune to sickness and miasma.
Your stone body is resilient. (AC +6)
You are immune to poison.
You resist negative energy. (rN+)
You are resistant to electric shocks. (rElec)
You are resistant to unholy torment.
You are immune to petrification.
You have a somewhat thin skeletal structure. (Dex +2, Stealth+)


   Skills:
 - Level 7.0 Fighting
 + Level 10.4 Ranged Weapons
 - Level 3.0 Armour
 - Level 2.3 Dodging
 - Level 1.0 Spellcasting
 - Level 2.6 Hexes


You had 9 spell levels left.
You knew the following spells:

 Your Spells              Type           Power      Damage    Failure   Level
a - Slow                  Hex            32%        N/A       19%         1

Your spell library contained the following spells:

 Spells                   Type           Power      Damage    Failure   Level
 Inner Flame              Hex/Fire       4%         N/A       67%         3
 Portal Projectile        Hex/Tloc       8%         N/A       67%         3
 Cause Fear               Hex            4%         N/A       88%         4

Inventory:

Hand Weapons
 Y - a +0 shortbow (weapon)
Armour
 a - a +0 helmet (worn)
 f - a +2 pair of boots (worn)
 j - the +4 ring mail of the Delicate Monkey (worn) {-Cast rElec Regen+ Stlth+}
   (You found it on level 2 of the Dungeon)

   rElec:     It insulates you from electricity.
   -Cast:     It prevents spellcasting.
   Regen:     It increases your rate of health regeneration.
   Stlth:     It makes you more stealthy.
Jewellery
 e - the amulet "Xonedotifo" (around neck) {RegenMP rC+ Dex-2 SInv}
   (You found it on level 7 of the Dungeon)

   [amulet of magic regeneration]

   It increases your rate of magic regeneration.
   Dex:       It affects your dexterity (-2).
   rC:        It protects you from cold.
   SInv:      It lets you see invisible.
 q - a ring of ice
Scrolls
 b - 4 scrolls of teleportation
 k - a scroll of identify
Potions
 c - a potion of cancellation
 d - a potion of might
 g - 3 potions of haste
 h - 2 potions of curing
 i - a potion of mutation
 l - a potion of enlightenment
 m - a potion of lignification {unknown}
 n - a potion of brilliance {unknown}
 o - a potion of degeneration {unknown}
 p - 2 potions of heal wounds

Dungeon Overview and Level Annotations

Branches:
Dungeon (8/15)             Temple (1/1) D:6           Sewer (visited)
   Lair: D:8-11

Altars:
Ashenzari
Cheibriados
Dithmenos
Elyvilon
Fedhas
Hepliaklqana
Makhleb
Nemelex Xobeh
Qazlal
Ru
Sif Muna
Trog
Uskayaw
Vehumet
Xom
Zin
The Shining One

Shops:
D:2 =(([[   D:4 *   D:6 *


Message History

The arrow hits the yak but does no damage.
The yak is severely wounded.
The yak gores you but does no damage. The yak closely misses you.
You shoot an arrow. The arrow hits the yak!
The yak is moderately wounded.
The yak gores you! The yak closely misses you.
You shoot an arrow.
The arrow hits the yak but does no damage.
The yak is moderately wounded.
The yak barely misses you. The yak gores you! The yak closely misses you.
You shoot an arrow. The arrow hits the yak.
The yak is moderately wounded.
The yak barely misses you. x2; The yak gores you but does no damage.
You shoot an arrow. The arrow hits the yak.
The yak is moderately wounded.
The yak barely misses you. The yak closely misses you. x2
You shoot an arrow. The arrow hits the yak.
The yak is moderately wounded.
The yak misses you. The yak gores you but does no damage.
The yak barely misses you. The yak gores you but does no damage.
You shoot an arrow. The arrow hits the yak.
The yak is heavily wounded.
The yak gores you. The yak closely misses you.
The yak gores you but does no damage. x2
You shoot an arrow.
The arrow hits the yak but does no damage.
The yak is heavily wounded.
The yak barely misses you. x2; The yak gores you but does no damage.
You shoot an arrow. The arrow closely misses the yak.
The yak gores you but does no damage. The yak barely misses you. x2
The yak closely misses you. The yak gores you!
You shoot an arrow. The arrow hits the yak.
The yak is heavily wounded.
The yak closely misses you. The yak barely misses you. x2
The yak gores you but does no damage. The yak gores you.
You shoot an arrow. The arrow hits the yak.
The yak is heavily wounded.
The yak misses you. The yak gores you. The yak gores you!
The yak gores you but does no damage. The yak gores you!
You die...

. ### .#
#..######.##
#..........#
#..........#
#..........#
#..YYY.....#
#..Y@YY....#
####'#####.##
#........#
#........# ..
#........# ...
#........# ....
#........####)...
#...........)....
#................


You could see 6 yaks.

Vanquished Creatures
  Pikel (D:5)
  Prince Ribbit (D:6)
  Grinder (D:4)
  Eustachio (D:6)
  Menkaure (D:5)
  Edmund (D:5)
  A water moccasin (D:5)
  3 ogres
  A kobold brigand (D:8)
  Blork the orc (D:6)
  A bullfrog (D:7)
  A scorpion (D:6)
  2 hounds (D:6)
  6 jellies
  2 orc priests
  4 sleepcaps
  Jessica (D:2)
  5 orc wizards
  6 iguanas
  7 adders
  A river rat (Sewer)
  3 ufetubi
  2 worms
  5 dart slugs
  14 orcs
  7 endoplasms
  5 giant cockroaches
  7 goblins
  9 hobgoblins
  7 quokkas
  10 ball pythons
  6 bats
  7 frilled lizards
  13 kobolds
  5 rats
148 creatures vanquished.

Notes
Turn   | Place    | Note
-------+----------+-------------------------------------------
     0 | D:1      | qw the Gargoyle Hexslinger began the quest for the Orb.
     0 | D:1      | Reached XP level 1. HP: 12/12 MP: 2/2
     0 | D:1      | 0 ||| qw: Version: 0.3-a-32-g5962c71
     0 | D:1      | 0 ||| qw: Game counter: 7683
     0 | D:1      | 0 ||| qw: Melee chars always use a shield: true
     0 | D:1      | 0 ||| qw: God list: Okawaru
     0 | D:1      | 0 ||| qw: Allow faded altars: false
     0 | D:1      | 0 ||| qw: Do Orc after clearing Dungeon:15 true
     0 | D:1      | 0 ||| qw: Do second Lair branch before Depths: true
     0 | D:1      | 0 ||| qw: Lair rune preference: random
     0 | D:1      | 0 ||| qw: Goals: Normal
     0 | D:1      | 0 ||| PLANNING D:1-11
   101 | D:1      | Reached XP level 2. HP: 16/16 MP: 3/3
   229 | D:1      | Reached skill level 3 in Ranged Weapons
   481 | D:1      | Reached XP level 3. HP: 17/21 MP: 4/4
   509 | D:1      | 509 ||| UPGRADING to +2 pair of boots.
   514 | D:1      | 514 ||| DROPPING +6 ring of intelligence.
   515 | D:1      | 515 ||| READING scroll labelled SIL ER KAMAACO.
   516 | D:1      | 516 ||| DROPPING scroll of poison.
   576 | D:2      | Found Samel's Weapon Shoppe.
   632 | D:2      | Found Fuofyemp's Weapon Boutique.
   748 | D:2      | Noticed Jessica
   751 | D:2      | Killed Jessica
   833 | D:2      | Found Kuopehoa's Antique Armour Shoppe.
   836 | D:2      | Reached XP level 4. HP: 26/26 MP: 5/5
   947 | D:2      | Reached skill level 4 in Ranged Weapons
   957 | D:2      | Found Raneif's Antique Armour Emporium.
   964 | D:2      | 964 ||| SHOPLISTING heavily runed leather armour (196 gold,
                  | have 42).
   964 | D:2      | 964 ||| SHOPLISTING ring mail (112 gold, have 42).
   964 | D:2      | 964 ||| SHOPLISTING runed ring mail (196 gold, have 42).
  1050 | D:2      | 1050 ||| SHOPLISTING cloak (76 gold, have 42).
  1050 | D:2      | 1050 ||| SHOPLISTING crude robe (96 gold, have 42).
  1050 | D:2      | 1050 ||| SHOPLISTING pair of embroidered gloves (127 gold,
                  | have 42).
  1239 | D:2      | Found Foogi's Jewellery Emporium.
  1245 | D:2      | 1245 ||| SHOPLISTING +4 ring of protection (468 gold, have
                  | 42).
  1245 | D:2      | 1245 ||| SHOPLISTING +4 ring of slaying (1014 gold, have
                  | 42).
  1245 | D:2      | 1245 ||| SHOPLISTING +6 ring of dexterity (468 gold, have
                  | 42).
  1245 | D:2      | 1245 ||| SHOPLISTING amulet of regeneration (390 gold, have
                  | 42).
  1245 | D:2      | 1245 ||| SHOPLISTING ring of protection from cold (325
                  | gold, have 42).
  1245 | D:2      | 1245 ||| SHOPLISTING ring of resist corrosion (260 gold,
                  | have 42).
  1248 | D:2      | Identified the +4 ring mail of the Delicate Monkey {-Cast
                  | rElec Regen+ Stlth+}
  1410 | D:2      | 1410 ||| UPGRADING to +0 helmet.
  1415 | D:2      | 1415 ||| UPGRADING to +4 ring mail of the Delicate Monkey
                  | {-Cast rElec Regen+ Stlth+}.
  1425 | D:2      | 1425 ||| DROPPING +0 robe.
  1426 | D:2      | 1426 ||| READING scroll labelled CEKKAJ YSSOI.
  1427 | D:2      | 1427 ||| READING scroll labelled JYIK URGHELO.
  1431 | D:2      | 1431 ||| READING scroll labelled TEEGOHU TYFA.
  1457 | D:3      | Identified the +0 long sword of Iconoclasm {flame, rElec
                  | rN++ Int-4}
  1551 | D:3      | 1551 ||| FLEEEEING.
  1552 | D:3      | 1552 ||| FLEEEEING.
  1553 | D:3      | 1553 ||| FLEEEEING.
  1554 | D:3      | 1554 ||| FLEEEEING.
  1555 | D:3      | 1555 ||| FLEEEEING.
  1556 | D:3      | 1556 ||| FLEEEEING.
  1572 | D:3      | Reached XP level 5. HP: 30/30 MP: 6/6
  1890 | D:3      | 1890 ||| DROPPING ring of flight.
  1891 | D:3      | 1891 ||| READING scroll labelled WADDOY COLAU.
  1892 | D:3      | 1892 ||| DRINKING 3 amethyst potions.
  1924 | D:4      | Reached skill level 5 in Ranged Weapons
  1931 | D:4      | Found a stormy altar of Qazlal.
  1932 | D:4      | Found a shimmering blue altar of Sif Muna.
  1973 | D:4      | Reached XP level 6. HP: 36/36 MP: 7/7
  1982 | D:4      | Reached skill level 3 in Fighting
  2059 | D:4      | Found a sacrificial altar of Ru.
  2091 | D:4      | Found Warch's Assorted Antiques.
  2099 | D:4      | 2099 ||| BUYING grey potion (19 gold).
  2099 | D:4      | Bought a grey potion for 19 gold pieces
  2099 | D:4      | 2099 ||| BUYING scroll labelled ULIORPH QASSULE (22 gold).
  2099 | D:4      | Bought a scroll labelled ULIORPH QASSULE for 22 gold pieces
  2099 | D:4      | 2099 ||| SHOPLISTING scroll of enchant weapon (165 gold,
                  | have 84).
  2099 | D:4      | 2099 ||| SHOPLISTING worn silver wand (88 gold, have 84).
  2121 | D:4      | Noticed Grinder
  2137 | D:4      | Killed Grinder
  2138 | D:4      | Reached skill level 6 in Ranged Weapons
  2138 | D:4      | Reached XP level 7. HP: 41/41 MP: 8/8
  2146 | D:4      | Found a hide-covered altar of Uskayaw.
  2278 | D:4      | You fall into a shaft and drop 1 floor!
  2278 | D:5      | Entered Level 5 of the Dungeon
  2371 | D:5      | 2371 ||| READING scroll labelled ULIORPH QASSULE.
  2372 | D:5      | 2372 ||| DRINKING 2 grey potions.
  2372 | D:5      | Gained mutation: Your flesh is cold resistant. (rC+)
                  | [potion of mutation]
  2372 | D:5      | Gained mutation: You sometimes lose your temper in combat.
                  | [potion of mutation]
  2372 | D:5      | Gained mutation: You have a somewhat thin skeletal
                  | structure. (Dex +2, Stealth+) [potion of mutation]
  2373 | D:5      | 2373 ||| DRINKING potion of mutation.
  2373 | D:5      | Lost mutation: You sometimes lose your temper in combat.
                  | [potion of mutation]
  2373 | D:5      | Lost mutation: Your flesh is cold resistant. (rC+) [potion
                  | of mutation]
  2373 | D:5      | Gained mutation: You have hidden genetic defects. [potion
                  | of mutation]
  2373 | D:5      | Lost mutation: You have hidden genetic defects. [potion of
                  | mutation]
  2374 | D:5      | 2374 ||| READING 3 scrolls of identify.
  2374 | D:5      | 2374 ||| IDENTIFYING bubbling brown potion
  2375 | D:5      | 2375 ||| READING 2 scrolls of identify.
  2375 | D:5      | 2375 ||| IDENTIFYING bubbling clear potion
  2376 | D:5      | 2376 ||| DROPPING potion of ambrosia.
  2587 | D:5      | Noticed Pikel
  2595 | D:5      | Noticed Menkaure
  2601 | D:5      | Killed Pikel
  2607 | D:5      | Killed Menkaure
  2608 | D:5      | Reached skill level 7 in Ranged Weapons
  2608 | D:5      | Reached XP level 8. HP: 38/51 MP: 9/9
  2934 | D:5      | Reached skill level 8 in Ranged Weapons
  3079 | D:5      | 3079 ||| DRINKING 2 sedimented inky potions.
  3080 | D:5      | 3080 ||| DRINKING 2 fizzy white potions.
  3135 | D:6      | Noticed Edmund
  3136 | D:6      | 3136 ||| PLANNING SEWER
  3145 | D:6      | 3145 ||| STAIRDANCE
  3150 | D:5      | Killed Edmund
  3177 | D:6      | Found Oliubag's Assorted Antiques.
  3187 | D:6      | 3187 ||| BUYING green potion (27 gold).
  3187 | D:6      | Bought a green potion for 27 gold pieces
  3187 | D:6      | 3187 ||| BUYING scroll labelled CUCKANT VUNIU (30 gold).
  3187 | D:6      | Bought a scroll labelled CUCKANT VUNIU for 30 gold pieces
  3187 | D:6      | 3187 ||| SHOPLISTING shiny bronze ring (150 gold, have 61).
  3187 | D:6      | 3187 ||| BUYING smoky red potion (27 gold).
  3187 | D:6      | Bought a smoky red potion for 27 gold pieces
  3225 | D:6      | Noticed Eustachio
  3241 | D:6      | Killed Eustachio
  3242 | D:6      | Reached skill level 9 in Ranged Weapons
  3249 | D:6      | Found a staircase to the Ecumenical Temple.
  3269 | D:6      | Noticed Blork the orc
  3275 | D:6      | Killed Blork the orc
  3276 | D:6      | Reached skill level 6 in Fighting
  3276 | D:6      | Reached XP level 9. HP: 55/55 MP: 10/10
  3445 | D:6      | Noticed Prince Ribbit
  3456 | D:6      | Killed Prince Ribbit
  3457 | D:6      | Reached skill level 10 in Ranged Weapons
  3516 | D:6      | 3516 ||| SWAPPING to +0 shortbow.
  3523 | D:6      | 3523 ||| DROPPING +2 sling of flaming.
  3526 | D:6      | Found a glowing drain.
  3527 | D:6      | 3527 ||| READING scroll labelled CUCKANT VUNIU.
  3528 | D:6      | 3528 ||| READING scroll labelled ERPHUR PEBURPH.
  3529 | D:6      | 3529 ||| READING scroll labelled WUREOKO LYSUIT.
  3530 | D:6      | 3530 ||| READING scroll labelled KOEMAUCROSO.
  3531 | D:6      | 3531 ||| READING scroll labelled GEILUG APITU.
  3632 | D:6      | 3632 ||| DRINKING 2 green potions.
  3633 | D:6      | 3633 ||| DRINKING 2 smoky red potions.
  3634 | D:6      | 3634 ||| READING 3 scrolls of identify.
  3634 | D:6      | 3634 ||| IDENTIFYING bubbling amethyst potion
  3635 | D:6      | 3635 ||| READING 2 scrolls of identify.
  3635 | D:6      | 3635 ||| IDENTIFYING coppery potion
  3636 | D:6      | 3636 ||| DROPPING potion of magic.
  3637 | D:6      | 3637 ||| DROPPING potion of invisibility.
  3645 | Sewer    | Entered a sewer
  3697 | Sewer    | 3697 ||| Stepping ~*~*~tactically~*~*~ (water).
  3699 | Sewer    | 3699 ||| Stepping ~*~*~tactically~*~*~ (water).
  3701 | Sewer    | 3701 ||| Stepping ~*~*~tactically~*~*~ (water).
  3703 | Sewer    | 3703 ||| Stepping ~*~*~tactically~*~*~ (water).
  3705 | Sewer    | 3705 ||| Stepping ~*~*~tactically~*~*~ (water).
  3707 | Sewer    | 3707 ||| Stepping ~*~*~tactically~*~*~ (water).
  3709 | Sewer    | 3709 ||| Stepping ~*~*~tactically~*~*~ (water).
  3711 | Sewer    | 3711 ||| Stepping ~*~*~tactically~*~*~ (water).
  3713 | Sewer    | 3713 ||| Stepping ~*~*~tactically~*~*~ (water).
  3715 | Sewer    | 3715 ||| Stepping ~*~*~tactically~*~*~ (water).
  3809 | Sewer    | 3809 ||| Stepping ~*~*~tactically~*~*~ (water).
  3811 | Sewer    | 3811 ||| Stepping ~*~*~tactically~*~*~ (water).
  3813 | Sewer    | 3813 ||| Stepping ~*~*~tactically~*~*~ (water).
  3815 | Sewer    | 3815 ||| Stepping ~*~*~tactically~*~*~ (water).
  3817 | Sewer    | 3817 ||| Stepping ~*~*~tactically~*~*~ (water).
  3819 | Sewer    | 3819 ||| Stepping ~*~*~tactically~*~*~ (water).
  3821 | Sewer    | 3821 ||| Stepping ~*~*~tactically~*~*~ (water).
  3823 | Sewer    | 3823 ||| Stepping ~*~*~tactically~*~*~ (water).
  3825 | Sewer    | 3825 ||| Stepping ~*~*~tactically~*~*~ (water).
  3827 | Sewer    | 3827 ||| Stepping ~*~*~tactically~*~*~ (water).
  3829 | Sewer    | 3829 ||| Stepping ~*~*~tactically~*~*~ (water).
  3831 | Sewer    | 3831 ||| Stepping ~*~*~tactically~*~*~ (water).
  3833 | Sewer    | 3833 ||| Stepping ~*~*~tactically~*~*~ (water).
  3835 | Sewer    | 3835 ||| Stepping ~*~*~tactically~*~*~ (water).
  3837 | Sewer    | 3837 ||| Stepping ~*~*~tactically~*~*~ (water).
  3839 | Sewer    | 3839 ||| Stepping ~*~*~tactically~*~*~ (water).
  3841 | Sewer    | 3841 ||| Stepping ~*~*~tactically~*~*~ (water).
  3843 | Sewer    | 3843 ||| Stepping ~*~*~tactically~*~*~ (water).
  3845 | Sewer    | 3845 ||| Stepping ~*~*~tactically~*~*~ (water).
  3847 | Sewer    | 3847 ||| Stepping ~*~*~tactically~*~*~ (water).
  3849 | Sewer    | 3849 ||| Stepping ~*~*~tactically~*~*~ (water).
  3852 | Sewer    | 3852 ||| Stepping ~*~*~tactically~*~*~ (water).
  3855 | Sewer    | 3855 ||| Stepping ~*~*~tactically~*~*~ (water).
  3864 | Sewer    | Found a viscous altar of Jiyva.
  3900 | Sewer    | 3900 ||| Stepping ~*~*~tactically~*~*~ (water).
  3915 | Sewer    | 3915 ||| READING scroll labelled NOREB XEDOI.
  3935 | D:6      | 3935 ||| PLANNING TEMPLE
  3990 | Temple   | Entered the Ecumenical Temple
  4131 | Temple   | 4131 ||| PLANNING D:1-11
  4284 | D:5      | Reached skill level 3 in Armour
  4299 | D:5      | 4299 ||| READING scroll labelled JOBIYDINLA.
  5037 | D:7      | Identified the amulet "Xonedotifo" {RegenMP rC+ Dex-2 SInv}
  5367 | D:7      | 5367 ||| UPGRADING to amulet "Xonedotifo" {RegenMP rC+
                  | Dex-2 SInv}.
  5470 | D:8      | HP: 7/57 [yak (9)]
  5470 | D:8      | Slain by a yak

Levels and vault maps discovered:
D:1:      psy_arrival_conway, layout_basic
D:2:      layout_basic, serial_shops, nicolae_shop_bloodbath_and_beyond,
          nicolae_shop_tiny_waterfront, shop, shop_statue, shop, uniq_jessica
D:3:      layout_basic, minmay_ruptured
D:4:      layout_cave_pools, nicolae_ru_awakened_eye, nicolae_uskayaw_suspiria,
          gammafunk_temple_overflow_statue, serial_shops, nicolae_square_shop,
          uniq_grinder
D:5:      layout_basic, uniq_menkaure, uniq_crazy_yiuf_cottage, uniq_pikel
D:6:      layout_basic, minmay_temple_entry_slanted, serial_shops, shop,
          cheibrodos_sewer_entry_bend, minmay_crystal_room, uniq_prince_ribbit1,
          uniq_eustachio, uniq_edmund, uniq_blork_the_orc
D:7:      layout_loops_ring, minmay_liquid_box
D:8:      layout_gridville, okawaru_humans, grunt_lair_entry_orc_guard_hut
Temple:   hellmonk_temple_forest_ring

Skill      XL: |  1  2  3  4  5  6  7  8  9 |
---------------+----------------------------+-----
Ranged Weapons | 3 4 5 6 7 9 10 | 10.4
Fighting       | 2 3 5 6 7 |  7.0
Armour         | 2 3 |  3.0
Dodging        | 2 |  2.3
Spellcasting   | |  1.0
Hexes          | |  2.6

Action                     |  1- 3 |  4- 6 |  7- 9 || total
---------------------------+-------+-------+-------++-------
   Fire: Sling             |    78 |   163 |   175 ||   416
         Shortbow          |       |       |   185 ||   185
    Use: Scroll            |     1 |     4 |    12 ||    17
         Potion            |       |     1 |     6 ||     7
 Armour: Robe              |     8 |     3 |       ||    11
         Ring mail         |       |    43 |   120 ||   163
  Dodge: Dodged            |    19 |    29 |   100 ||   148

Table legend:
 A = Non-vault XP
 B = Vault XP
 C = Vault XP percentage of total XP
 D = Non-vault monster count
 E = Vault monster count
 F = Vault count percentage of total count
                 A         B        C        D         E       F
            +---------+---------+-------+---------+---------+-------
      Total |    1867 |    1727 |  48.1 |     115 |      33 |  22.3
            +---------+---------+-------+---------+---------+-------
        D:1 |      34 |       0 |   0.0 |      20 |       0 |   0.0
        D:2 |      29 |      37 |  56.1 |      10 |       1 |   9.1
        D:3 |     143 |       7 |   4.7 |      26 |       5 |  16.1
        D:4 |     208 |     258 |  55.4 |      17 |       1 |   5.6
        D:5 |     567 |     729 |  56.2 |      18 |       3 |  14.3
        D:6 |     440 |     575 |  56.7 |      12 |       4 |  25.0
        D:7 |     337 |       0 |   0.0 |       7 |       0 |   0.0
        D:8 |     109 |       0 |   0.0 |       5 |       0 |   0.0
      Sewer |       0 |     121 | 100.0 |       0 |      19 | 100.0
            +---------+---------+-------+---------+---------+-------
